 Dungeon Crawl Stone Soup version 0.28.0-53-g5a82cb258f (console) character file.

Game seed: 3957691582584327141

394 erker the Changer (level 6, -1/36 HPs)
             Began as an Octopode Earth Elementalist on July 23, 2022.
             Killed by nerve-wracking pain
             ... invoked by Menkaure
              (12 damage)
             ... on level 4 of the Dungeon.
             The game lasted 00:10:02 (3337 turns).

erker the Changer (Octopode Earth Elementalist)     Turns: 3337, Time: 00:10:02

Health: -1/36      AC:  1    Str:  7    XL:     6   Next: 81%
Magic:  9/10       EV: 13    Int: 19    God:
Gold:   156        SH:  0    Dex: 15    Spells: 3/10 levels left

rFire   . . .      SeeInvis .   a - +0 dagger
rCold   . . .      Faith    .   (no shield)
rNeg    . . .      Spirit   .   (helmet restricted)
rPois   .          Reflect  .   j - amulet "Fyicw" {RegenMP Rampage Dex+2}
rElec   .          Harm     .   (no ring)
rCorr   .          Rampage  +   (no ring)
Will    .....                   (no ring)
Stlth   ++++......              (no ring)
HPRegen 0.12/turn               (no ring)
MPRegen 0.52/turn               (no ring)
                                (no ring)
                                (no ring)

@: no status effects
A: almost no armour, amphibious, 8 rings, camouflage 1, gelatinous body 1,
(nimble swimmer 1), tentacles
a: no special abilities


You were on level 4 of the Dungeon.
You visited 1 branch of the dungeon, and saw 4 of its levels.

You collected 156 gold pieces.

Inventory:

Hand Weapons
 a - a +0 dagger (weapon)
 b - the +9 hunting sling of Drought {flame, rC+}
   (You found it on level 4 of the Dungeon)

   Any ammunition fired from it burns those it strikes, dealing additional fire
   damage.
   rC:        It protects you from cold.
Missiles
 s - 62 stones
 u - 5 poisoned darts (quivered)
Armour
 i - a +2 buckler
Magical Staves
 o - a staff of death
Jewellery
 j - the amulet "Fyicw" (around mantle) {RegenMP Rampage Dex+2}
   (You found it on level 2 of the Dungeon)

   [amulet of magic regeneration]

   It increases your rate of magic regeneration.
   Dex:       It affects your dexterity (+2).
   Rampage:   It bestows one free step when moving towards enemies.
Wands
 h - a wand of polymorph (8)
 n - a wand of paralysis (22)
Scrolls
 e - a scroll of amnesia {unknown}
 g - a scroll of noise {unknown}
 k - a scroll of identify {unknown}
 l - a scroll of immolation {unknown}
 q - a scroll of fog {unknown}
 r - 2 scrolls of vulnerability {unknown}
 t - a scroll of enchant weapon {unknown}
 v - a scroll of magic mapping {unknown}
Potions
 c - a potion of curing
 d - a potion of attraction {unknown}
 f - a potion of mutation {unknown}
 m - a potion of haste {unknown}
 p - a potion of degeneration {unknown}


   Skills:
 - Level 2.0 Short Blades
 - Level 2.0 Dodging
 - Level 4.0 Stealth
 + Level 2.8 Spellcasting
 + Level 4.5 Transmutations
 * Level 4.3 Earth Magic


You had 3 spell levels left.
You knew the following spells:

 Your Spells              Type           Power      Damage    Failure   Level
a - Sandblast             Erth           38%        2d10      2%          1
p - Petrify               Tmut/Erth      19%        N/A       26%         4
w - Passwall              Tmut/Erth      15%        N/A       3%          2

Your spell library contained the following spells:

 Spells                   Type           Power      Damage    Failure   Level
 Sting                    Tmut/Pois      44%        1d5       6%          1
 Stone Arrow              Conj/Erth      20%        3d8       19%         3
 Poisonous Vapours        Pois/Air       4%         N/A       24%         2
 Summon Guardian Golem    Hex/Summ       2%         N/A       43%         3
 Olgreb's Toxic Radiance  Pois           2%         N/A       83%         4
 Orb of Destruction       Conj           1%         9d5       100%        7
 Spellforged Servitor     Conj/Summ      1%         N/A       100%        7


Dungeon Overview and Level Annotations

Branches:
Dungeon (4/15)
 Temple: D:4-7

Altars:
Fedhas
Nemelex Xobeh

Annotations:
D:3 2 transporters
D:4 Ijyb, Menkaure


Innate Abilities, Weirdness & Mutations

You cannot wear most types of armour.
You are amphibious.
You can wear up to eight rings at the same time.
Your skin changes colour to match your surroundings (Stealth+).
Your rubbery body absorbs attacks. (AC +1, EV +1)
((You are camouflaged when in or above water. (Stealth+)))
You have tentacles for arms and can constrict up to eight enemies at once.


Message History

There is an open door here.
You now have 156 gold pieces (gained 3).
v - a scroll labelled VOVYUX NAOPNUA You open the door.
There is an open door here.
You open the door.
There is an open door here.
Menkaure and an ufetubus come into view.
An adder skeleton comes into view.
Menkaure shouts!
The ufetubus shouts!
Menkaure casts a spell.
Menkaure seems to speed up.
The ufetubus barely misses you. x2
Menkaure calls on the powers of darkness!
Your body is wracked with pain!
The ufetubus closely misses you. The ufetubus barely misses you.
There is an open door here.
The ufetubus closely misses you. The ufetubus misses you.
The ufetubus hits you. The ufetubus barely misses you. The ufetubus hits you.
The ufetubus misses you. The ufetubus hits you. x2
There is an open door here.
Menkaure calls on the powers of darkness!
Your body is wracked with pain!
* * * LOW HITPOINT WARNING * * *
The ufetubus closely misses you. The ufetubus hits you.
* * * LOW HITPOINT WARNING * * *
You feel better. The ufetubus barely misses you.
The ufetubus closely misses you. The ufetubus misses you.
The ufetubus closely misses you.
Casting: Petrify (extremely dangerous; 26% risk of failure)
Confirm with . or Enter, or press ? or * to list all spells.
Aiming: Sandblast (safe; 2% risk of failure)
Press: ? - help, Shift-Dir - straight line, f - Menkaure
Aim: Menkaure (fast, 90% to hit)
The blast of sand hits the ufetubus!
You kill the ufetubus!
s - 62 stones Menkaure gestures at you while chanting.
Pain shoots through your body!
You die...

...................#
###########........#
#........# #........#
#........# #........#
#.......#######
#......##.....##
#.....@#.......#
#......#.......###
#......'..M....'.##
#......#M......#..#
######......#.......#..#
#.....########.....##..#
#.....# #######...#
#.....# +.Z.......#
#.....# #.........#


You could see Menkaure (fast).

Vanquished Creatures
  An ice beast (D:4)
  A hound (D:4)
  3 orc priests
  2 orc wizards (D:3)
  4 gnolls (D:3)
  2 adders (D:3)
  An ufetubus (D:4)
  A worm (D:3)
  3 dart slugs (D:1)
  5 orcs
  8 ball pythons
  8 endoplasms
  A giant cockroach (D:2)
  3 goblins
  4 hobgoblins
  7 kobolds
  3 quokkas
  2 bats
  2 frilled lizards (D:3)
  8 rats
69 creatures vanquished.

Notes
Turn   | Place    | Note
-------+----------+-------------------------------------------
     0 | D:1      | erker the Octopode Earth Elementalist began the quest for
                  | the Orb.
     0 | D:1      | Reached XP level 1. HP: 11/11 MP: 3/3
    39 | D:1      | Found a faded altar of an unknown god.
   149 | D:1      | Reached XP level 2. HP: 17/17 MP: 3/5
   425 | D:1      | Reached skill level 1 in Short Blades
   513 | D:1      | Reached XP level 3. HP: 21/21 MP: 6/6
  1163 | D:2      | Identified the amulet "Fyicw" {RegenMP Rampage Dex+2}
  1484 | D:3      | Reached XP level 4. HP: 13/27 MP: 5/7
  1914 | D:3      | Learned a level 4 spell: Petrify
  1917 | D:3      | Learned a level 2 spell: Passwall
  1984 | D:3      | Found a blossoming altar of Fedhas.
  2104 | D:3      | Found a sparkling altar of Nemelex Xobeh.
  2105 | D:3      | Noticed a sky beast
  2111 | D:3      | Found a transporter.
  2113 | D:3      | Noticed a scorpion
  2120 | D:3      | Found a transporter.
  2268 | D:3      | Reached XP level 5. HP: 17/31 MP: 6/8
  2835 | D:4      | Identified the +9 hunting sling of Drought {flame, rC+}
  2886 | D:4      | Reached XP level 6. HP: 36/36 MP: 9/9
  2908 | D:4      | Noticed Ijyb
  3101 | D:4      | Noticed an ice beast
  3161 | D:4      | Killed an ice beast
  3320 | D:4      | Noticed Menkaure
  3337 | D:4      | Killed from afar by Menkaure

Illustrated notes

Levels and vault maps discovered:
D:1:      amcnicky_arrival_flooded_fountain, layout_loops_ring,
          hellmonk_ecumenical_altar_heavens_door, supply_closet_lemuel,
          minmay_vboxes
D:2:      layout_basic, interstate_on_off
D:3:      layout_rooms, fedhas_altar_fruit_tree, gammafunk_temple_overflow_arena
D:4:      layout_gridville, kennysheep_flooded_box, minmay_increasing_density,
          uniq_ijyb, uniq_menkaure, uniq_pikel

Skill      XL: |  1  2  3  4  5  6 |
---------------+-------------------+-----
Stealth        | 3 4 |  4.0
Short Blades   | 1 2 |  2.0
Transmutations | 2 3 4 |  4.5
Earth Magic    | 4 |  4.3
Dodging        | |  2.0
Spellcasting   | |  2.8

Action                   |  1- 3 |  4- 6 || total
-------------------------+-------+-------++-------
Melee: Dagger            |    53 |    55 ||   108
       Constrict         |    10 |    12 ||    22
       Tentacles         |     8 |    11 ||    19
       Punch             |       |     1 ||     1
 Fire: Hunting sling     |       |     6 ||     6
 Cast: Sandblast         |    10 |    25 ||    35
       Passwall          |       |     2 ||     2
       Petrify           |       |     2 ||     2
  Use: Potion            |       |     2 ||     2
 Stab: Sleeping          |    15 |     6 ||    21
       Petrified         |       |     3 ||     3
Armor: Skin              |     4 |     2 ||     6
Dodge: Dodged            |    26 |    41 ||    67
